 Dungeon Crawl Stone Soup version 0.22.1-2-g9c5b331383 (webtiles) character file.

2163 Gunterle the Reanimator (level 9, -4/71 HPs)
             Began as an Ogre Necromancer on Dec 12, 2018.
             Was a Follower of Hepliaklqana.
             Slain by a hippogriff (6 damage)
             ... on level 7 of the Dungeon.
             The game lasted 00:52:25 (9098 turns).

Gunterle the Reanimator (Ogre Necromancer)          Turns: 9098, Time: 00:52:25

Health: -4/71      AC:  3    Str: 21    XL:     9   Next: 32%
Magic:  17/20      EV: 13    Int: 19    God:    Hepliaklqana [*.....]
Gold:   303        SH:  0    Dex:  7    Spells: 8/22 levels left

rFire    . . .     SeeInvis .   F - +8 short sword of Wisdom {pierce, +Inv rElec Str+4 Dex-2}
rCold    . . .     Gourm    .   (no shield)
rNeg     . . .     Faith    .   a - +0 robe
rPois    .         Spirit   .   (helmet restricted)
rElec    +         Reflect  .   (no cloak)
rCorr    .         Harm     .   (gloves unavailable)
MR       .....                  (boots unavailable)
Stlth    +.........             C - amulet of regeneration
HPRegen  0.61/turn              s - +3 ring of evasion
MPRegen  0.17/turn              g - +3 ring of strength

@: no status effects
A: large, unfitting armour, reduced essence, tough skin 1
a: Recall Ancestor, Ancestor Identity, Renounce Religion, Evoke Invisibility


You were on level 7 of the Dungeon.
You worshipped Hepliaklqana.
Hepliaklqana was aware of your devotion.
You were not hungry.

You visited 2 branches of the dungeon, and saw 8 of its levels.

You collected 303 gold pieces.

Inventory:

Hand Weapons
 d - a +0 spear
 h - a cursed -1 dagger
 l - a +0 quarterstaff
 m - a +2 dagger of protection
 r - a +0 hunting sling
 B - a +1 flail of protection
 F - the +8 short sword of Wisdom (weapon) {pierce, +Inv rElec Str+4 Dex-2}
   (You found it on level 5 of the Dungeon)

   It inflicts extra damage upon your enemies.
   It affects your strength (+4).
   It affects your dexterity (-2).
   It insulates you from electricity.
   It lets you turn invisible.
Missiles
 b - 61 arrows
 i - 226 stones (quivered)
 o - 24 poisoned needles
 t - 46 sling bullets
 v - 11 tomahawks
Armour
 a - a +0 robe (worn)
 y - +0 pearl dragon scales
Jewellery
 g - a +3 ring of strength (right hand)
 s - a +3 ring of evasion (left hand)
 C - an amulet of regeneration (around neck)
Wands
 A - a wand of iceblast (10)
 E - a wand of random effects (18)
 H - a wand of paralysis (9)
Scrolls
 e - a scroll of random uselessness
 f - 2 scrolls of enchant armour
 k - a scroll of magic mapping
 p - a scroll of amnesia
 x - 2 scrolls of remove curse
Potions
 n - 2 potions of curing
 q - 2 potions of lignification
 u - a potion of heal wounds {unknown}
 w - a potion of magic {unknown}
 z - a potion of might {unknown}
 D - a potion of mutation {unknown}
 G - a potion of resistance {unknown}
 J - a potion of haste
Comestibles
 c - 10 rations
 I - 4 chunks of flesh


   Skills:
 + Level 2.0 Fighting
 + Level 1.5 Polearms
 + Level 1.2 Armour
 + Level 2.4 Dodging
 - Level 1.4 Stealth
 * Level 7.3 Spellcasting
 - Level 3.2 Charms
 + Level 8.6 Necromancy
 + Level 1.6 Invocations


You had 8 spell levels left.
You knew the following spells:

 Your Spells              Type           Power        Failure   Level  Hunger
a - Pain                  Necr           ####         1%          1    None
b - Animate Skeleton      Necr           N/A          1%          1    None
c - Vampiric Draining     Necr           #####.....   1%          3    #......
d - Regeneration          Chrm/Necr      ####......   2%          3    #......
e - Animate Dead          Necr           N/A          2%          4    ###....
f - Swiftness             Chrm/Air       ##......     8%          2    None

Your spell library contained the following spells:

 Spells                   Type           Power        Failure   Level  Hunger
 Shock                    Conj/Air       #...         10%         1    None
 Static Discharge         Conj/Air       #.......     28%         3    #......
 Airstrike                Air            #.........   67%         4    ###....
 Lightning Bolt           Conj/Air       #.........   95%         5    #####..


Dungeon Overview and Level Annotations

Branches:
Dungeon (7/15)             Temple (1/1) D:5

Altars:
Ashenzari
Cheibriados
Dithmenos
Elyvilon
Fedhas
Gozag
Hepliaklqana
Kikubaaqudgha
Makhleb
Nemelex Xobeh
Okawaru
Qazlal
Ru
Sif Muna
Trog
Uskayaw
Vehumet
Wu Jian
Xom
Yredelemnul
Zin
The Shining One

Annotations:
D:5 exclusion: oklob sapling


Innate Abilities, Weirdness & Mutations

You are too large for most types of armour.
You have tough skin. (AC +1)
Your life essence is reduced to manifest your ancestor. (-10% HP)


Message History

Unknown command.
Okay, then.
Evoke which item? (* to show all) (? for menu, Esc to quit)
Okay, then.
Sunngifu is recalled.
The hippogriff barely misses you. The hippogriff closely misses you.
The hippogriff claws you.
* * * LOW HITPOINT WARNING * * *
Sunngifu barely misses the hippogriff.
Casting: Pain (safe; 1% risk of failure)
Confirm with . or Enter, or press ? or * to list all spells.
Aiming: Pain (safe; 1% risk of failure)
Press: ? - help, Shift-Dir - straight line, f - hippogriff
Aim: a hippogriff (chance to defeat MR: 81%)
The hippogriff writhes in agony!
The hippogriff bites you.
* * * LOW HITPOINT WARNING * * *
The hippogriff pecks you.
* * * LOW HITPOINT WARNING * * *
The hippogriff claws you.
You die...

#.......# ..
#.......#
#.......#
#.......#
#......(#
#.......#
+$......#
#.......#
#@HR....#
##+####.......#
#...).'.........
#...<.#.........
###...#.........
#####.........
#.......#
#.......#
.......


You could see the friendly Sunngifu the ancestor and a hippogriff.

Vanquished Creatures
  Joseph (D:7)
  An ice beast (D:5)
  An orc warrior (D:6)
  A black bear (D:6)
  A necrophage (D:6)
  A bullfrog (D:7)
  2 scorpions
  3 killer bees (D:7)
  A crimson imp (D:6)
  2 hounds (D:5)
  3 orc priests
  A bullfrog skeleton (D:7)
  2 iguanas (D:5)
  4 orc wizards
  5 worker ants
  A killer bee zombie (D:6)
  9 gnolls
  7 adders
  2 oozes (D:4)
  An adder skeleton (D:5)
  2 worms
  2 dart slugs
  3 leopard geckos
  20 orcs
  7 bats
  3 giant cockroaches
  12 goblins
  6 hobgoblins
  3 jackals (D:1)
  4 quokkas
  A ball python (D:3)
  4 frilled lizards
  2 jackal zombies (D:6)
  6 kobolds
  A leopard gecko zombie (D:6)
  11 rats
  A bush (D:6)
  A plant (D:5)
138 creatures vanquished.

Vanquished Creatures (collateral kills)
  3 necrophages
  A scorpion (D:7)
  A killer bee (D:7)
  A howler monkey (D:5)
  A crimson imp (D:5)
  An orc priest (D:6)
  A hound (D:5)
  3 gnolls
  An ooze (D:2)
  An adder zombie (D:5)
  A worm (D:3)
  A dart slug (D:5)
  2 orcs
  A quokka (D:6)
  A bat (D:3)
  A quokka zombie (D:7)
21 creatures vanquished.

Vanquished Creatures (others)
  4 ancestors
  A quokka (D:5)
  4 plants (D:6)
9 creatures vanquished.

Grand Total: 168 creatures vanquished

Notes
Turn   | Place    | Note
-------+----------+-------------------------------------------
     0 | D:1      | Gunterle the Ogre Necromancer began the quest for the Orb.
     0 | D:1      | Reached XP level 1. HP: 16/16 MP: 3/3
   192 | D:1      | Reached XP level 2. HP: 23/24 MP: 2/5
   195 | D:1      | Learned a level 1 spell: Animate Skeleton
   214 | D:1      | Reached skill level 4 in Necromancy
   594 | D:1      | Reached XP level 3. HP: 31/31 MP: 4/7
   599 | D:1      | Learned a level 3 spell: Vampiric Draining
   603 | D:1      | Learned a level 3 spell: Regeneration
  1471 | D:2      | Reached XP level 4. HP: 29/39 MP: 2/9
  1995 | D:2      | Reached skill level 5 in Necromancy
  2063 | D:2      | Found a glowing golden altar of the Shining One.
  2233 | D:2      | Reached XP level 5. HP: 44/45 MP: 7/10
  3479 | D:3      | Found a bloodstained altar of Trog.
  3913 | D:3      | Reached skill level 1 in Charms
  4367 | D:4      | Reached XP level 6. HP: 39/53 MP: 6/12
  5476 | D:5      | Entered Level 5 of the Dungeon
  5476 | D:5      | Noticed a necrophage
  5515 | D:5      | Found a staircase to the Ecumenical Temple.
  5533 | D:4      | Reached skill level 6 in Necromancy
  5843 | Temple   | Entered the Ecumenical Temple
  5933 | Temple   | Became a worshipper of Hepliaklqana the Forgotten
  6165 | D:5      | Reached XP level 7. HP: 50/53 MP: 8/14
  6275 | D:5      | Reached skill level 5 in Spellcasting
  6760 | D:5      | Found a white marble altar of Elyvilon.
  6955 | D:5      | Got a translucent short sword
  6967 | D:5      | Identified the +8 short sword of Wisdom {pierce, +Inv rElec
                  | Str+4 Dex-2} (You found it on level 5 of the Dungeon)
  7213 | D:6      | Reached skill level 7 in Necromancy
  7213 | D:6      | Reached XP level 8. HP: 45/60 MP: 13/16
  7515 | D:6      | Learned a level 4 spell: Animate Dead
  7611 | D:6      | Reached * piety under Hepliaklqana
  7628 | D:6      | Learned a level 2 spell: Swiftness
  7774 | D:6      | Found a shimmering altar of Xom.
  8045 | D:6      | Found a shadowy altar of Dithmenos.
  8053 | D:6      | Found a burning altar of Makhleb.
  8054 | D:6      | Found an opulent altar of Gozag.
  8055 | D:6      | Found an ancient bone altar of Kikubaaqudgha.
  8055 | D:6      | Found a shimmering altar of Xom.
  8055 | D:6      | Found a radiant altar of Vehumet.
  8062 | D:6      | Found a glowing golden altar of the Shining One.
  8063 | D:6      | Found a sacrificial altar of Ru.
  8065 | D:6      | Found a blossoming altar of Fedhas.
  8182 | D:6      | Found an ornate altar of the Wu Jian Council.
  8308 | D:6      | Found a blossoming altar of Fedhas.
  8359 | D:6      | Reached skill level 8 in Necromancy
  8649 | D:7      | Noticed a hippogriff
  8861 | D:7      | Reached XP level 9. HP: 65/65 MP: 16/19
  8863 | D:7      | Found a shattered altar of Ashenzari.
  8887 | D:7      | Reached skill level 1 in Fighting
  8899 | D:7      | Noticed Joseph
  8918 | D:7      | Killed Joseph
  8918 | D:7      | Reached skill level 1 in Polearms
  8918 | D:7      | Reached skill level 1 in Armour
  8918 | D:7      | Reached skill level 1 in Invocations
  9098 | D:7      | HP: 2/71 [hippogriff (6)]
  9098 | D:7      | Slain by a hippogriff

Skill      XL: |  1  2  3  4  5  6  7  8  9 |
---------------+----------------------------+-----
Necromancy     | 4 5 6 7 8 |  8.6
Spellcasting   | 3 4 5 6 7 |  7.3
Charms         | 1 2 3 |  3.2
Dodging        | 2 |  2.4
Fighting       | 2 |  2.0
Polearms       | 1 |  1.5
Armour         | 1 |  1.2
Invocations    | 1 |  1.6
Stealth        | |  1.4

Action                   |  1- 3 |  4- 6 |  7- 9 || total
-------------------------+-------+-------+-------++-------
Melee: Spear             |    18 |       |       ||    18
       Dagger            |    22 |    21 |       ||    43
       Flail             |       |    37 |     5 ||    42
       Short sword       |       |       |    76 ||    76
Throw: Stone             |       |    23 |    19 ||    42
       Throwing net      |       |     2 |     1 ||     3
 Cast: Pain              |    47 |   138 |    96 ||   281
       Animate Skeleton  |     6 |    15 |    14 ||    35
Invok: Recall Ancestor   |       |       |     3 ||     3
Evoke: Wand              |       |     1 |     9 ||    10
  Use: Scroll            |       |     6 |     6 ||    12
       Potion            |       |     2 |     5 ||     7
 Stab: Sleeping          |     1 |     2 |       ||     3
  Eat: Chunk             |     2 |    14 |     8 ||    24
       Ration            |       |       |     1 ||     1
Armor: Robe              |    10 |    29 |    16 ||    55
       Skin              |       |     5 |       ||     5
Dodge: Dodged            |    25 |    38 |    62 ||   125
